 Dungeon Crawl Stone Soup version 0.17-a0-1882-g750edc8 (webtiles) character file.

258 Feirund the Poker (level 5, -11/39 HPs)
             Began as a Demonspawn Skald on Sept 22, 2015.
             Mangled by an ogre
             ... wielding a +0 giant club
              (18 damage)
             ... on level 3 of the Dungeon.
             The game lasted 00:09:24 (2958 turns).

Feirund the Poker (Demonspawn Skald)                Turns: 2958, Time: 00:09:24

Health: -11/39     AC:  4    Str: 12    XL:     5   Next: 94%
Magic:  8/8        EV: 13    Int: 13    God:
Gold:   151        SH:  0    Dex: 12    Spells: 1 memorised, 7 levels left

rFire  + + .     SeeInvis .     a - +1 spear
rCold  . . .     Clarity  .     b - +1 leather armour
rNeg   . . .     SustAt   .     (no shield)
rPois  .         Gourm    .     (no helmet)
rElec  .         Spirit   .     (no cloak)
rCorr  .         Warding  .     (no gloves)
rMut   .         Stasis   .     (no boots)
MR     .....                    (no amulet)
Stlth  ++........               j - ring of protection from fire
                                o - ring of stealth

@: not resistant to hostile enchantments, unstealthy
A: talons 1, fire resistance 1, frail 1, mutation resistance 1, spiny 1, weak 1,
subdued magic 1
a: no special abilities


You were on level 3 of the Dungeon.
You were hungry.

You visited 1 branch of the dungeon, and saw 3 of its levels.

You collected 151 gold pieces.

Inventory:

Hand weapons
 a - a +1 spear (weapon)
 l - a +0 halberd
Armour
 b - a +1 leather armour (worn)
Jewellery
 e - an uncursed ring of ice
 j - a ring of protection from fire (right hand)
 o - a ring of stealth (left hand)
Scrolls
 h - 2 scrolls of identify
 i - a scroll of blinking {unknown}
 m - 3 scrolls of enchant armour
Potions
 p - a potion of curing
 q - a potion of heal wounds
Books
 c - a book of Battle

   Spells                             Type                      Level
   a - Infusion                       Charms                       1
   b - Shroud of Golubria             Charms/Translocation         2
   c - Song of Slaying                Charms                       2
   d - Spectral Weapon                Hexes/Charms                 3
   e - Regeneration                   Charms/Necromancy            3
Comestibles
 d - a bread ration
 f - 2 meat rations
 g - a royal jelly
 k - a beef jerky


   Skills:
 - Level 5.5 Fighting
 * Level 6.3 Polearms
 - Level 0.8 Armour
 - Level 4.8 Dodging
 - Level 2.0 Spellcasting
 - Level 2.6 Charms


You had 7 spell levels left.
You knew the following spells:

 Your Spells              Type           Power        Failure   Level  Hunger
a - Infusion              Chrm           #.....       5%          1    ##.....


Dungeon Overview and Level Annotations

Branches:
Dungeon (3/15)

Altars:
Elyvilon
Ru


Innate Abilities, Weirdness & Mutations

You have sharp toenails.
Your flesh is heat resistant.
You are partially covered in sharp spines.
You are frail (-10% HP).
You are somewhat resistant to further mutation.
You are weak. (Str -2)
Your spells are a little easier to cast, but a little less powerful.


Message History

Okay, then.
You puncture the ogre!
The ogre is moderately wounded.
The ogre is struck by your spines. The ogre barely misses you.
You hit the ogre.
The ogre is heavily wounded.
You completely miss the ogre.
The ogre is heavily wounded.
The ogre is struck by your spines. The ogre hits you with a giant club.
You hit the ogre. You claw the ogre, but do no damage.
The ogre is almost dead.
You hit the ogre but do no damage. You claw the ogre, but do no damage.
The ogre is almost dead.
The ogre hits you with a giant club!!
Ouch! That really hurt!
* * * LOW HITPOINT WARNING * * *
You barely miss the ogre.
The ogre is almost dead.
The ogre hits you with a giant club!!
You die...

#.# #.# #.# #.#
#.#########.# #.#
##...........# #.#
#....)..####.#### #.#
#.#####.###......
#.#######.## #..........
#......#...## #####..#####
######...(..#######.......
#..<.......@Og..####
##.....#######..######.##
##...### #...>......
##....# #...#####.# ####.#
#...# ###.# #.#
#...##....# #.#
#..g#.....## #.#
#........g.##
##.######...........#


You could see an ogre and a hobgoblin.

Vanquished Creatures
  Jessica (D:2)
  10 gnolls
  5 adders
  An ooze (D:3)
  A worm (D:2)
  2 giant geckos
  2 orcs (D:3)
  4 bats
  4 hobgoblins
  4 jackals (D:1)
  A quokka (D:2)
  A giant cockroach (D:1)
  2 giant newts
  8 goblins
  12 kobolds
  8 rats
66 creatures vanquished.

Notes
Turn   | Place    | Note
--------------------------------------------------------------
     0 | D:1      | Feirund the Demonspawn Skald began the quest for the Orb.
     0 | D:1      | Reached XP level 1. HP: 16/16 MP: 3/3
   335 | D:1      | Gained mutation: You have sharp toenails. [demonic ancestry]
   335 | D:1      | Reached XP level 2. HP: 15/22 MP: 5/5
   567 | D:1      | Reached skill level 5 in Fighting
   567 | D:1      | Reached skill level 5 in Polearms
   567 | D:1      | Gained mutation: You are partially covered in sharp spines. [demonic ancestry]
   567 | D:1      | Reached XP level 3. HP: 26/33 MP: 6/6
   769 | D:1      | Gained mutation: Your spells are a little easier to cast, but a little less powerful. [potion of mutation]
   769 | D:1      | Gained mutation: You are somewhat resistant to further mutation. [potion of mutation]
   769 | D:1      | Gained mutation: You are frail (-10% HP). [potion of mutation]
   772 | D:1      | Gained mutation: You are weak. (Str -2) [potion of mutation]
   976 | D:2      | Noticed Jessica
  1345 | D:2      | Gained mutation: Your flesh is heat resistant. [demonic ancestry]
  1345 | D:2      | Reached XP level 4. HP: 30/35 MP: 7/7
  1660 | D:2      | Killed Jessica
  1669 | D:2      | Found a sacrificial altar of Ru.
  1680 | D:2      | Found a white marble altar of Elyvilon.
  1826 | D:2      | Reached XP level 5. HP: 33/39 MP: 8/8
  2164 | D:2      | Reached skill level 6 in Polearms
  2938 | D:3      | Noticed an ogre
  2958 | D:3      | Mangled by an ogre

Vault maps used:
D:1:      scummos_arrival_simple_fountains
D:2:      gammafunk_temple_overflow_pools, uniq_jessica

Action                   |  1- 3 |  4- 6 || total
-------------------------+-------+-------++-------
Melee: Spear             |   109 |   118 ||   227
  Use: Potion            |     5 |     3 ||     8
       Scroll            |     1 |     6 ||     7
 Stab: Sleeping          |       |     1 ||     1
  Eat: Chunk             |       |     6 ||     6
